 Dungeon Crawl Stone Soup version 0.24-a0-132-ge4b1dce (console) character file.

Game seed: 7008749494753864468

118 Duffy the Chopper (level 5, -6/45 HPs)
             Began as a Naga Gladiator on Feb 27, 2019.
             Mangled by a gnoll
             ... wielding a +0 spear
              (8 damage)
             ... on level 2 of the Dungeon.
             The game lasted 00:01:29 (2072 turns).

Duffy the Chopper (Naga Gladiator)                  Turns: 2072, Time: 00:01:30

Health: -6/45      AC:  5    Str: 16    XL:     5   Next: 2%
Magic:  5/5        EV: 10    Int: 10    God:
Gold:   108        SH:  0    Dex: 12    Spells: 4/4 levels left

rFire    + . .     SeeInvis +   a - +0 war axe
rCold    . . .     Gourm    .   (no shield)
rNeg     . . .     Faith    .   b - +0 leather armour
rPois    +         Spirit   .   c - +0 helmet
rElec    .         Reflect  .   t - scarf {repulsion}
rCorr    .         Harm     .   h - +0 pair of gloves
MR       .....                  (no barding)
Stlth    +.........             (no amulet)
HPRegen  0.15/turn              o - ring of protection from fire
MPRegen  0.09/turn              (no ring)

@: repel missiles, very slow
A: large, see invisible, deformed body, poison resistance, slowness 2, slow
metabolism 1, spit poison 1, AC +1
a: Spit Poison


You were on level 2 of the Dungeon.
You were not hungry.

You visited 1 branch of the dungeon, and saw 2 of its levels.

You collected 108 gold pieces.

Inventory:

Hand Weapons
 a - a +0 war axe (weapon)
Missiles
 d - 3 throwing nets (quivered)
Armour
 b - a +0 leather armour (worn)
 c - a +0 helmet (worn)
 h - a +0 pair of gloves (worn)
 q - a +0 cloak
 t - a scarf of repulsion (worn)
Jewellery
 o - a ring of protection from fire (left hand)
 p - an uncursed ring of protection from magic {unknown}
Scrolls
 e - 2 scrolls of remove curse {unknown}
 i - a scroll of enchant armour {unknown}
 l - 3 scrolls of identify {unknown}
 m - a scroll of enchant weapon {unknown}
Potions
 g - a potion of resistance {unknown}
 j - a potion of haste {unknown}
 k - a potion of brilliance {unknown}
 n - 2 potions of heal wounds {unknown}
 r - a potion of curing {unknown}
Comestibles
 f - 5 rations
 s - 3 chunks of flesh


   Skills:
 - Level 2.0 Fighting
 + Level 5.5 Axes
 - Level 1.7 Throwing
 - Level 2.4 Dodging


You had 4 spell levels left.
You didn't know any spells.
Your spell library was empty.

Dungeon Overview and Level Annotations

Branches:
Dungeon (2/15)

Altars:
Makhleb
Yredelemnul


Innate Abilities, Weirdness & Mutations

You cannot wear boots.
Your serpentine skin is tough. (AC +1)
You have supernaturally acute eyesight. (SInv)
Armour fits poorly on your strangely shaped body.
Your system is resistant to poisons. (rPois)
You cover ground very slowly.
You have a slow metabolism.
You can spit poison.


Message History

You have reached level 5!
The gnoll hits you from afar with a +0 spear.
The gnoll hits you but does no damage. x2
Things that are here:
a +0 club; a +0 flail You hit the gnoll.
The gnoll is moderately wounded.
The gnoll barely misses you. The gnoll closely misses you.
The gnoll hits you from afar with a +0 spear.
You hit the gnoll.
The gnoll is severely wounded.
The gnoll closely misses you. The gnoll barely misses you.
The gnoll closely misses you.
You closely miss the gnoll.
The gnoll is severely wounded.
The gnoll hits you but does no damage. The gnoll hits you with a +0 spear.
You barely miss the gnoll.
The gnoll is severely wounded.
The gnoll barely misses you. The gnoll hits you with a +0 spear!
You die...

## ##.## .####...##
..# #.##.....# ..#
#...#...## #.#
#.#.##.#####.# #.#
.............# #.#
###.##.####### #g#
###.##'## #g#
....#...## #@#
####..%..## ##?###
##.......## ##....#
##.........####...#.#
.'.........'........#
##.........####...#.#
##.......## ##.##.#
##..)..## ### #
##...##


You could see 2 gnolls.

Vanquished Creatures
  Crazy Yiuf (D:2)
  Jessica (D:2)
  2 gnolls (D:2)
  An adder (D:2)
  A worm (D:2)
  2 dart slugs (D:1)
  5 bats
  2 giant cockroaches (D:2)
  4 goblins
  5 hobgoblins
  4 kobolds
  5 rats
33 creatures vanquished.

Notes
Turn   | Place    | Note
-------+----------+-------------------------------------------
     0 | D:1      | Duffy the Naga Gladiator began the quest for the Orb.
     0 | D:1      | Reached XP level 1. HP: 19/19 MP: 1/1
   472 | D:1      | Reached XP level 2. HP: 26/26 MP: 2/2
   922 | D:2      | Found a basalt altar of Yredelemnul.
   922 | D:2      | Found a burning altar of Makhleb.
  1135 | D:2      | Reached skill level 4 in Axes
  1466 | D:2      | Reached XP level 3. HP: 32/32 MP: 3/3
  1476 | D:2      | Found a runed translucent door.
  1477 | D:2      | Noticed Crazy Yiuf
  1485 | D:2      | Killed Crazy Yiuf
  1707 | D:2      | Reached XP level 4. HP: 34/39 MP: 4/4
  1841 | D:2      | Noticed Jessica
  1846 | D:2      | Killed Jessica
  1846 | D:2      | Reached skill level 5 in Axes
  2067 | D:2      | Reached XP level 5. HP: 10/45 MP: 5/5
  2071 | D:2      | HP: 1/45 [gnoll/+0 spear (4)]
  2072 | D:2      | Mangled by a gnoll

Levels and vault maps discovered:
D:1:      lemuel_arrival_behind_the_door_large, layout_basic,
          kennysheep_crisscross, amethyst_killhole, chequers_garden
D:2:      layout_loops_corners, chequers_temple_overflow_statue_of_worship,
          first_ration, chequers_big_river, kennysheep_generic_room_9,
          uniq_crazy_yiuf_cottage, uniq_jessica

Skill      XL: |  1  2  3  4 |
---------------+-------------+-----
Axes           | 4 5 |  5.5
Fighting       | |  2.0
Throwing       | |  1.7
Dodging        | |  2.4

Action                   |  1- 3 |  4- 6 || total
-------------------------+-------+-------++-------
Melee: War axe           |    70 |    27 ||    97
 Abil: Spit Poison       |     2 |     1 ||     3
  Eat: Ration            |       |     1 ||     1
Armor: Leather armour    |    38 |     6 ||    44
Dodge: Dodged            |    42 |    13 ||    55

Table legend:
 A = Non-vault XP
 B = Vault XP
 C = Vault XP percentage of total XP
 D = Non-vault monster count
 E = Vault monster count
 F = Vault count percentage of total count
                 A         B        C        D         E       F
            +---------+---------+-------+---------+---------+-------
      Total |      95 |      74 |  43.8 |      31 |       2 |   6.1
            +---------+---------+-------+---------+---------+-------
        D:1 |      22 |       0 |   0.0 |      11 |       0 |   0.0
        D:2 |      73 |      74 |  50.3 |      20 |       2 |   9.1
            +---------+---------+-------+---------+---------+-------
